firemonkey, lawful male dwarven Archeologist --------------- |.............| |.............| #-.........<...| ###|........------ ----- # |........| #.....#### -------.-- ###|[..| # #####-...| # ------------- ### ----- # # # |.......(...| ## ### ----------.-- ##########.............### # |....%.....)--# ##` |.......)...| ### |.............### ------------- # |....s.......|### -|- |...h..).....+ ....| |...........-- |!!!!!| ------------- |!!!!!| ------- firemonkey the Field Worker Experience level: 3 Strength: 14 Dexterity: 11 Constitution: 11 Intelligence: 16 Wisdom: 16 Charisma: 10 Health: 0(23) Energy: 3(3) Def: 1 Gold: 500 Moves: 2030 Dungeon seed: 6AvC836iA1-8njL_ Game ID: firemonkey_1466700119 Your Inventory: Coins $ - 500 gold pieces Weapons a - a +2 bullwhip (alternate weapon; not wielded) Armor e - an uncursed +0 leather jacket (being worn) n - an uncursed +0 fedora (being worn) Comestibles b - 5 uncursed food rations v - an uncursed sprig of wolfsbane H - an uncursed fortune cookie Scrolls k - a blessed scroll of blank paper s - 2 uncursed scrolls of scare monster t - a blessed scroll of teleportation y - an uncursed scroll of scare monster F - an uncursed scroll of enchant weapon Y - an uncursed scroll of identify Potions j - 2 uncursed potions of sickness m - an uncursed potion of hallucination o - an uncursed potion of sleeping u - an uncursed potion of levitation w - an uncursed potion of fruit juice G - an uncursed potion of invisibility X - an uncursed potion of extra healing Wands d - a wand of light (0:13) Tools c - a +0 pick-axe (weapon in hand) f - a tinning kit (0:45) g - an uncursed tin opener h - an uncursed sack i - an uncursed oil lamp (0:1362) x - an uncursed towel Gems q - an uncursed touchstone r - an uncursed jasper stone Contents of the sack: 1977 gold pieces Spells and supernatural/magical abilities: Name Level Category Fail Memory W - pray for help -- divine ? -- Your skills at the end: Miscellaneous Skills wands [Basic] Weapon Skills pick-axe [Basic] whip [Basic] Spellcasting Skills Final Attributes: You were fervently aligned. You had infravision. You were stealthy. You were fast. You are dead. Vanquished creatures: a leprechaun a rock piercer a golden naga hatchling a giant ant a floating eye an acid blob a large kobold a hobgoblin a brown mold 2 gnome zombies 6 jackals a sewer rat a bat 19 creatures vanquished. Voluntary challenges: You did not adorn yourself with jewelry or accessories. You used a wielded weapon 31 times, starting on turn 3. You did not apply a unicorn horn. You read items or engraved 1 time, starting on turn 1740. You never genocided any monsters. You never polymorphed an object. You never changed form. You used no wishes. You never split a pudding. You never wrote Elbereth's name. You never violated your personal moral code. Dungeon overview: The Dungeons of Doom: levels 1 to 11 Level 1 a long staircase Level 2 a general store, an altar to Camaxtli Level 3 stairs to The Gnomish Mines Level 4 a fountain Level 5 a fountain Level 6 Level 7 Level 8 a throne Level 9 Level 10 Level 11 <- You were here a potion shop The Gnomish Mines: Level 4 stairs to The Dungeons of Doom History has recorded: On T:1 you entered the Dungeons of Doom to retrieve the Amulet of Yendor! On T:162 you reached level 2 of The Dungeons of Doom. On T:381 you reached level 3 of The Dungeons of Doom. On T:436 you reached level 4 of The Dungeons of Doom. On T:750 you reached level 1 of The Gnomish Mines. On T:1082 you reached level 5 of The Dungeons of Doom. On T:1156 you advanced to experience level 2. On T:1231 you reached level 6 of The Dungeons of Doom. On T:1323 you reached level 7 of The Dungeons of Doom. On T:1564 you reached level 8 of The Dungeons of Doom. On T:1577 you advanced to experience level 3. On T:1735 you reached level 9 of The Dungeons of Doom. On T:1895 you reached level 10 of The Dungeons of Doom. On T:1927 you reached level 11 of The Dungeons of Doom. Score breakdown: Gold: 2477 ( 247 points) Experience: 3 levels ( 200 points) Exploration: 11 levels ( 300 points) Discoveries: 5 items ( 250 points) Variety of kills: 13 monsters ( 650 points) Major goal: (nothing yet) ( 0 points) Survival: died (score multiplied by 3) Total score: 4941 Latest messages: You succeed in cutting away some rock. You start digging. You hit the rock with all your might. You succeed in cutting away some rock. You start digging. You hit the rock with all your might. You succeed in cutting away some rock. You start digging. You hit the rock with all your might. You succeed in cutting away some rock. The gnome zombie scratches you! You destroy the gnome zombie! You see here a crossbow. You see here 2 food rations. You stumble into a spider web! You are stuck to the web. You disentangle yourself. You hit the giant spider. The giant spider bites! You hit the giant spider. (2x) The giant spider bites! (2x) You die... Final status: Goodbye firemonkey the Archeologist, killed by a giant spider... You died in The Dungeons of Doom on dungeon level 11 with 4941 points, and 2477 pieces of gold, after 2030 moves. You were level 3 with a maximum of 23 hit points when you died.